 Dungeon Crawl Stone Soup version 0.25-b1-23-ge2ad7d536c (webtiles) character file.

Game seed: 14968413735306921524, levelgen mode: deterministic

7503 HoaS the Grappler (level 11, -3/72 HPs)
             Began as a Gargoyle Berserker on May 30, 2020.
             Was a High Priest of Trog.
             Slain by a gnoll sergeant
             ... wielding a +2 spear of venom
              (4 damage)
             ... on level 6 of the Dungeon on May 31, 2020.
             The game lasted 00:25:32 (7992 turns).

HoaS the Grappler (Gargoyle Berserker)              Turns: 7992, Time: 00:25:33

Health: -3/72      AC: 23    Str: 23    XL:     11   Next: 16%
Magic:  11/11      EV: 10    Int:  9    God:    Trog [*****.]
Gold:   487        SH:  0    Dex: 15    Spells: 10/10 levels left

rFire    . . .     SeeInvis .     - Unarmed
rCold    . . .     Gourm    .   (no shield)
rNeg     + + .     Faith    .   x - +6 scale mail "Zigiobb" {rN+ Regen+}
rPois    ∞         Spirit   .   (no helmet)
rElec    +         Reflect  .   y - +0 cloak
rCorr    .         Harm     .   n - +1 pair of gloves
MR       .....                  (no boots)
Stlth    ..........             a - amulet of regeneration
HPRegen  1.02/turn              s - +6 ring of dexterity
MPRegen  0.12/turn              (no ring)

@: berserk cooldown, slowed, very slow
A: negative energy resistance 1, electricity resistance, unbreathing,
petrification resistance, rot immunity, AC +8
a: Berserk, Trog's Hand, Brothers in Arms, Renounce Religion


You were on level 6 of the Dungeon.
You worshipped Trog.
Trog was extremely pleased with you.
You were hungry.

You visited 1 branch of the dungeon, and saw 8 of its levels.
You also visited: Bailey.

You collected 487 gold pieces.

Inventory:

Hand Weapons
 w - a +2 shortbow
Missiles
 l - 127 arrows (quivered)
Armour
 n - a +1 pair of gloves (worn)
 x - the +6 scale mail "Zigiobb" (worn) {rN+ Regen+}
   (You found it on level 4 of the Dungeon)

   It protects you from negative energy.
   It increases your rate of regeneration.
 y - a +0 cloak (worn)
Jewellery
 a - an amulet of regeneration (around neck)
 s - a +6 ring of dexterity (left hand)
Wands
 o - a wand of paralysis (10)
 p - a wand of random effects (13)
 q - a wand of enslavement (9)
 r - a wand of flame (13)
 I - a wand of iceblast (6)
Scrolls
 f - a scroll of blinking
 k - 4 scrolls of remove curse
 u - 2 scrolls of teleportation
 v - a scroll of identify
 H - a scroll of magic mapping
Potions
 c - a potion of resistance {unknown}
 d - 4 potions of lignification
 e - a potion of experience {unknown}
 h - 3 potions of mutation
 i - 2 potions of cancellation
 j - 7 potions of curing
 m - 6 potions of heal wounds
 t - 3 potions of haste
 z - a potion of stabbing {unknown}
 B - 13 potions of degeneration
 C - 2 potions of flight {unknown}
 D - a potion of invisibility {unknown}
Comestibles
 b - 13 rations


   Skills:
 + Level 10.2 Fighting
 * Level 9.6 Bows
 - Level 2.1 Armour
 - Level 1.5 Dodging
 + Level 11.0 Unarmed Combat


You had 10 spell levels left.
You didn't know any spells.
Your spell library was empty.

Dungeon Overview and Level Annotations

Branches:
Dungeon (8/15)             Temple (0/1) D:5            Lair (0/6) D:8
 Bailey (visited)

Altars:
Cheibriados
Fedhas
Hepliaklqana
Nemelex Xobeh
Sif Muna
Uskayaw
Vehumet
Xom
Zin

Annotations:
D:6 1 transporter


Innate Abilities, Weirdness & Mutations

You are resistant to torment.
Your stone body is resilient. (AC +8)
You are immune to poison.
You resist negative energy. (rN+)
You are resistant to electric shocks. (rElec)
You can survive without breathing.
You are immune to petrification.
You are immune to rotting.


Message History

* * * LOW HITPOINT WARNING * * *
The gnoll sergeant hits you but does no damage.
The gnoll hits you but does no damage.
The gnoll sergeant hits you but does no damage.
The gnoll sergeant hits you from afar with a +2 spear of venom.
* * * LOW HITPOINT WARNING * * *
The gnoll hits you from afar with a +0 halberd.
* * * LOW HITPOINT WARNING * * *
The gnoll sergeant closely misses you. The gnoll hits you but does no damage.
The gnoll sergeant barely misses you. The gnoll closely misses you.
The gnoll sergeant hits you but does no damage.
The gnoll barely misses you.
The gnoll sergeant hits you but does no damage.
Items here: ))) [[ † Your scale mail "Zigiobb" prevents you from hitting the gnoll sergeant.
You punch the gnoll sergeant, but do no damage.
The gnoll hits you with a +0 halberd.
* * * LOW HITPOINT WARNING * * *
The gnoll sergeant hits you with a +2 spear of venom.
You die...

.......................#..#.#
≈≈≈≈≈≈≈≈...≈≈≈≈≈≈≈≈≈≈≈....#.#
≈≈≈≈≈≈≈≈...≈≈≈≈≈≈≈≈≈≈≈..>.#.#
####...........#####≈≈....#.#
.8.#.###.©.###.#.8.#≈≈.##.#.#
...###.#####.###...#≈≈....#.#
##...........))).###≈≈....#.#
8#.######'###'##.#8.≈≈.#..#.#
##.#...#8..#...#@##.≈≈.#..#.#
#..gg.:#⌠©....ggg.#.≈≈.#..#.#
##.#...#8).#...#.##.≈≈.#..#.#
8#g######'###'##.#8.≈≈.#..#.#
##..g.gg.........###≈≈....#.#####
...###©#####.###...#≈≈)#.........
.8.#.###.©.###.#.8.#≈≈.####.#####
####...........#####≈≈....#.).#.#
≈≈≈≈≈≈≈≈≈≈≈≈≈≈≈≈≈≈≈≈≈≈..#>#.#.#..


You could see a gnoll sergeant and 2 gnolls.

Vanquished Creatures
  A two-headed ogre (D:8)
  Erica (D:8)
  The ghost of Sedillia the Grappler, a novice TrMo of Ashenzari (D:6)
  Pikel (D:4)
  Grinder (D:5)
  Sigmund (D:6)
  2 wyverns (D:8)
  A yak (D:8)
  A human (D:8)
  Duvessa (D:4)
  A sky beast (D:8)
  2 orc warriors
  2 porcupines (D:8)
  4 slaves
  A black bear (D:8)
  A necrophage (D:7)
  4 ogres
  3 ice beasts
  A phantom (D:7)
  3 centaurs
  A crocodile (D:8)
  Blork the orc (D:4)
  2 bullfrogs
  Dowan (D:4)
  A gnoll sergeant (D:6)
  4 scorpions
  5 killer bees (D:8)
  3 howler monkeys
  3 wights (D:7)
  2 crimson imps
  6 hounds
  3 jellies
  2 orc priests
  A gnoll shaman (D:6)
  5 orc wizards
  An iguana (D:7)
  Jessica (D:3)
  11 worker ants
  3 hound skeletons
  2 worker ant zombies
  23 gnolls
  14 adders
  2 shadow imps
  An ooze (D:2)
  4 worms
  2 dart slugs
  4 leopard geckos
  30 orcs
  2 ball pythons (D:3)
  9 giant cockroaches
  11 goblins
  18 hobgoblins
  7 jackals
  18 kobolds
  2 quokkas
  8 bats
  2 frilled lizards (D:2)
  A jackal skeleton (D:6)
  A leopard gecko skeleton (D:8)
  A quokka zombie (D:5)
  A rat (D:3)
252 creatures vanquished.

Vanquished Creatures (collateral kills)
  A black bear (D:8)
  A crocodile (D:8)
  A bullfrog (D:8)
  A scorpion (D:8)
  A fungus (D:8)
5 creatures vanquished.

Vanquished Creatures (others)
  5 fungi (D:8)
  8 plants
13 creatures vanquished.

Grand Total: 270 creatures vanquished

Notes
Turn   | Place    | Note
-------+----------+-------------------------------------------
     0 | D:1      | HoaS the Gargoyle Berserker began the quest for the Orb.
     0 | D:1      | Reached XP level 1. HP: 14/14 MP: 1/1
   143 | D:1      | Reached XP level 2. HP: 19/19 MP: 2/2
   742 | D:2      | Noticed a +0 dagger
   847 | D:2      | Reached XP level 3. HP: 12/24 MP: 3/3
  1045 | D:2      | Reached skill level 4 in Unarmed Combat
  1085 | D:2      | Found a glowing silver altar of Zin.
  1265 | D:2      | Found a radiant altar of Vehumet.
  1270 | D:2      | Reached XP level 4. HP: 29/29 MP: 4/4
  1381 | D:2      | Reached ** piety under Trog
  1750 | D:2      | Found a hide-covered altar of Uskayaw.
  1750 | D:2      | Noticed a +0 hand axe
  1877 | D:2      | You fall into a shaft and drop 1 floor!
  1932 | D:3      | Reached XP level 5. HP: 34/34 MP: 5/5
  1940 | D:3      | Noticed Jessica
  1943 | D:3      | Found a faded altar of an unknown god.
  1978 | D:3      | Killed Jessica
  1978 | D:3      | Reached skill level 5 in Unarmed Combat
  2862 | D:4      | Got a heavily runed scale mail
  2873 | D:4      | Identified the +6 scale mail "Zigiobb" {rN+ Regen+} (You
                  | found it on level 4 of the Dungeon)
  2949 | D:4      | Noticed a slave
  2949 | D:4      | Noticed Pikel
  2950 | D:4      | Noticed a slave
  2950 | D:4      | Noticed a slave
  2951 | D:4      | Noticed a slave
  2965 | D:4      | Paralysed by Pikel for 5 turns
  2995 | D:3      | Killed a slave
  3012 | D:3      | Killed a slave
  3020 | D:3      | Paralysed by Pikel for 2 turns
  3025 | D:3      | Killed a slave
  3042 | D:4      | Killed a slave
  3053 | D:4      | Killed Pikel
  3053 | D:4      | Reached skill level 5 in Fighting
  3053 | D:4      | Reached skill level 7 in Unarmed Combat
  3053 | D:4      | Reached XP level 6. HP: 14/41 MP: 6/6
  3053 | D:4      | Reached XP level 7. HP: 16/45 MP: 7/7
  3133 | D:4      | Found a shimmering altar of Xom.
  3151 | D:4      | Found a sparkling altar of Nemelex Xobeh.
  3471 | D:4      | Reached *** piety under Trog
  3498 | D:4      | Noticed Blork the orc
  3517 | D:4      | Killed Blork the orc
  3602 | D:5      | Entered Level 5 of the Dungeon
  3602 | D:5      | Noticed Duvessa
  3602 | D:5      | Noticed Dowan
  3627 | D:4      | Killed Duvessa
  3627 | D:4      | Reached XP level 8. HP: 43/52 MP: 8/8
  3641 | D:4      | Killed Dowan
  3641 | D:4      | Reached skill level 8 in Unarmed Combat
  3667 | D:5      | Noticed Grinder
  3687 | D:5      | Killed Grinder
  3837 | D:5      | Reached skill level 1 in Bows
  3837 | D:5      | Reached skill level 9 in Unarmed Combat
  3934 | D:5      | Found a staircase to the Ecumenical Temple.
  4365 | D:6      | Reached XP level 9. HP: 57/57 MP: 9/9
  4373 | D:6      | Found a transporter.
  4440 | D:6      | Found a transporter.
  4718 | D:6      | Reached **** piety under Trog
  4783 | D:6      | Noticed Sigmund
  4789 | D:6      | Killed Sigmund
  5259 | D:6      | Found a shimmering blue altar of Sif Muna.
  5259 | D:6      | Found a snail-covered altar of Cheibriados.
  5260 | D:6      | Found a hazy altar of Hepliaklqana.
  5417 | D:7      | Reached skill level 5 in Bows
  5502 | D:7      | Found a flagged portal.
  5534 | Bailey   | Entered a bailey
  5694 | Bailey   | Reached ***** piety under Trog
  6087 | D:7      | Found a sparkling altar of Nemelex Xobeh.
  6140 | D:7      | Reached skill level 10 in Unarmed Combat
  6156 | D:7      | Reached XP level 10. HP: 65/65 MP: 10/10
  6903 | D:8      | Noticed Erica
  6929 | D:8      | Killed Erica
  7057 | D:8      | Noticed a two-headed ogre
  7067 | D:8      | Killed a two-headed ogre
  7085 | D:8      | Found a blossoming altar of Fedhas.
  7195 | D:8      | Found a staircase to the Lair.
  7413 | D:8      | Reached skill level 10 in Fighting
  7464 | D:8      | Reached XP level 11. HP: 70/72 MP: 11/11
  7842 | D:6      | Noticed Sedillia's ghost (novice TrMo)
  7975 | D:6      | Killed Sedillia's ghost
  7975 | D:6      | Reached skill level 11 in Unarmed Combat
  7989 | D:6      | HP: 2/72 [gnoll/+0 halberd (4)]
  7992 | D:6      | Slain by a gnoll sergeant

Illustrated notes

Levels and vault maps discovered:
D:1:      minmay_arrival_stone_box, layout_loops_ring
D:2:      layout_basic, fiery_altar_vehumet, dancing_weapons_uskayaw,
          zin_statuary
D:3:      layout_rooms, chequers_ecumenical_altar_simple, minmay_misc_feat_tiny,
          uniq_jessica
D:4:      layout_cave_pools, kennysheep_little_box, first_ration,
          kennysheep_cross_room, minivault_23, nemelex_spade_bored_becter,
          uniq_blork_the_orc, uniq_pikel
D:5:      layout_rooms, minmay_temple_entry_arrows, uniq_grinder, uniq_duvessa
D:6:      layout_basic, gammafunk_temple_overflow_claw,
          gammafunk_ghost_gnarly_gnolls, uniq_sigmund
D:7:      layout_layer_cave, nicolae_overflow_crystal_walls, enter_bailey_7
D:8:      layout_gridville, due_lair_maze_entry_diamond, grunt_pizzeria,
          fedhas_altar_3, uniq_erica

Skill      XL: |  1  2  3  4  5  6  7  8  9 10 11 |
---------------+----------------------------------+-----
Unarmed Combat | 4 7 9 10 11 | 11.0
Fighting       | 4 5 6 7 8 10 | 10.2
Bows           | 2 6 9 |  9.6
Armour         | |  2.1
Dodging        | |  1.5

Action                   |  1- 3 |  4- 6 |  7- 9 | 10-12 || total
-------------------------+-------+-------+-------+-------++-------
Melee: Unarmed           |   112 |   247 |   509 |   232 ||  1100
       Punch             |     2 |     6 |    18 |    15 ||    41
Invok: Trog's Hand       |       |     2 |     2 |     1 ||     5
       Berserk           |       |     1 |     1 |     2 ||     4
       Brothers in Arms  |       |       |       |     1 ||     1
  Use: Scroll            |       |       |    18 |     3 ||    21
  Eat: Chunk             |     1 |     6 |    14 |     8 ||    29
Armor: Ring mail         |    45 |    68 |       |       ||   113
       Scale mail        |       |    84 |   287 |   174 ||   545
       Skin              |       |       |       |     9 ||     9
Dodge: Dodged            |    56 |   140 |   296 |   198 ||   690
